 Dungeon Crawl Stone Soup version 0.22.1-2-g9c5b331383 (webtiles) character file.

421 Peloso the Shield-Bearer (level 6, -5/53 HPs)
             Began as a Minotaur Fighter on Jan 1, 2019.
             Killed by nerve-wracking pain
             ... invoked by Grinder
              (14 damage)
             ... on level 4 of the Dungeon.
             The game lasted 00:05:35 (2904 turns).

Peloso the Shield-Bearer (Minotaur Fighter)         Turns: 2904, Time: 00:05:36

Health: -5/53      AC: 12    Str: 21    XL:     6   Next: 62%
Magic:  5/5        EV:  4    Int:  5    God:
Gold:   164        SH: 10    Dex: 11    Spells: 5/5 levels left

rFire    . . .     SeeInvis +   a - +0 long sword
rCold    . . .     Gourm    .   c - +0 shield
rNeg     . . .     Faith    .   d - +0 plate armour
rPois    .         Spirit   .   (helmet restricted)
rElec    .         Reflect  .   (no cloak)
rCorr    .         Harm     .   (no gloves)
MR       .....                  (no boots)
Stlth    ..........             (no amulet)
HPRegen  0.17/turn              q - ring of see invisible
MPRegen  0.09/turn              (no ring)

@: no status effects
A: retaliatory headbutt, horns 2
a: no special abilities


You were on level 4 of the Dungeon.
You were not hungry.

You visited 1 branch of the dungeon, and saw 4 of its levels.

You collected 164 gold pieces.

Inventory:

Hand Weapons
 a - a +0 long sword (weapon)
Armour
 b - a +0 scale mail
 c - a +0 shield (worn)
 d - a +0 plate armour (worn)
Jewellery
 q - a ring of see invisible (left hand)
Wands
 o - a wand of acid (8)
Scrolls
 e - 6 scrolls of identify {unknown}
 h - 2 scrolls of fear {unknown}
 l - a scroll of amnesia {unknown}
 m - 3 scrolls of teleportation {unknown}
 n - a scroll of remove curse {unknown}
Potions
 g - 9 potions of curing {unknown}
 i - a potion of agility {unknown}
 j - a potion of ambrosia {unknown}
 k - a potion of cancellation {unknown}
 p - a potion of haste {unknown}
Comestibles
 f - 12 rations


   Skills:
 + Level 4.7 Fighting
 + Level 5.4 Long Blades
 + Level 5.4 Armour
 + Level 1.1 Dodging
 + Level 5.4 Shields


You had 5 spell levels left.
You didn't know any spells.
Your spell library contained the following spells:

 Spells                   Type           Power        Failure   Level  Hunger
 Beastly Appendage        Tmut           #.....       100%        1    ##.....
 Sticks to Snakes         Tmut           #.......     100%        2    ###....
 Spider Form              Tmut/Pois      #.........   100%        3    ####...
 Ice Form                 Ice/Tmut       #.......     100%        4    #####..
 Blade Hands              Tmut           #.........   100%        5    ######.


Dungeon Overview and Level Annotations

Branches:
Dungeon (4/15)
 Temple: D:4-7

Altars:
Cheibriados
Dithmenos
Makhleb
Nemelex Xobeh
Qazlal
Sif Muna
Vehumet

Annotations:
D:4 Grinder


Innate Abilities, Weirdness & Mutations

You reflexively headbutt those who attack you in melee.
You have a pair of horns on your head.


Message History

Unknown command.
You closely miss Grinder.
Grinder is lightly wounded.
Grinder blinks!
Grinder barely misses you. You furiously retaliate!
You headbutt Grinder! You hit Grinder but do no damage.
Grinder is moderately wounded.
Grinder gestures at you. Pain shoots through your body!
You barely miss Grinder. Your headbutt misses Grinder.
Grinder is moderately wounded.
Grinder gestures at you. Pain shoots through your body!
* * * LOW HITPOINT WARNING * * *
You slash Grinder! You headbutt Grinder!
Grinder is severely wounded.
Grinder hits you but does no damage. Grinder gestures at you.
Pain shoots through your body!
You die...

.........# ###.###.#
.........# #.....#
.........# #.#####
#........# #..#
#........# #..##
##'#############...#
...# ......(.#.#
#### .......5#.# #
######@#.###.#
..............#
#######.#..####
...##.# ##### .# ..
#.# .. #..


You could see Grinder.

Vanquished Creatures
  Eustachio (D:4)
  A crimson imp (D:3)
  An orc priest (D:4)
  2 worker ants (D:4)
  4 gnolls (D:2)
  4 adders
  4 oozes
  An adder skeleton (D:2)
  2 worms (D:3)
  2 dart slugs
  A leopard gecko (D:1)
  5 orcs
  4 bats
  4 giant cockroaches
  7 goblins
  7 hobgoblins
  5 quokkas
  2 ball pythons
  A ball python skeleton (D:2)
  8 frilled lizards
  A jackal skeleton (D:2)
  3 kobolds (D:2)
  A rat (D:2)
71 creatures vanquished.

Notes
Turn   | Place    | Note
-------+----------+-------------------------------------------
     0 | D:1      | Peloso the Minotaur Fighter began the quest for the Orb.
     0 | D:1      | Reached XP level 1. HP: 19/19 MP: 0/0
   162 | D:1      | Reached XP level 2. HP: 27/27 MP: 1/1
   646 | D:2      | Found a stormy altar of Qazlal.
   648 | D:2      | Found a snail-covered altar of Cheibriados.
   648 | D:2      | Found a shadowy altar of Dithmenos.
   675 | D:2      | Reached XP level 3. HP: 23/33 MP: 2/2
   822 | D:2      | Reached XP level 4. HP: 40/40 MP: 3/3
  1402 | D:3      | Found a sparkling altar of Nemelex Xobeh.
  1458 | D:3      | Found a burning altar of Makhleb.
  1459 | D:3      | Found a radiant altar of Vehumet.
  1504 | D:3      | Reached XP level 5. HP: 46/46 MP: 4/4
  1517 | D:3      | Found a deep blue altar of Sif Muna.
  1585 | D:3      | Found a faded altar of an unknown god.
  2146 | D:4      | Noticed Eustachio
  2371 | D:4      | Killed Eustachio
  2371 | D:4      | Reached skill level 5 in Long Blades
  2371 | D:4      | Reached skill level 5 in Armour
  2371 | D:4      | Reached skill level 1 in Dodging
  2371 | D:4      | Reached skill level 5 in Shields
  2371 | D:4      | Reached XP level 6. HP: 51/53 MP: 5/5
  2879 | D:4      | Noticed Grinder
  2893 | D:4      | Paralysed by Grinder for 2 turns
  2904 | D:4      | Killed from afar by Grinder

Skill      XL: |  1  2  3  4  5 |
---------------+----------------+-----
Fighting       | 4 |  4.7
Shields        | 4 5 |  5.4
Armour         | 4 5 |  5.4
Long Blades    | 3 4 5 |  5.4
Dodging        | 1 |  1.1

Action                   |  1- 3 |  4- 6 || total
-------------------------+-------+-------++-------
Melee: Long sword        |    46 |   175 ||   221
       Headbutt          |     2 |    32 ||    34
  Use: Potion            |     1 |       ||     1
  Eat: Chunk             |       |     3 ||     3
       Ration            |       |     1 ||     1
Armor: Scale mail        |    18 |    13 ||    31
       Plate armour      |       |   118 ||   118
Dodge: Dodged            |    16 |    35 ||    51
Block: Shield            |    27 |   108 ||   135
       Rpst.: Long sword |     4 |     6 ||    10
